 Dungeon Crawl Stone Soup version 0.27.1-4-g1640c2035a (webtiles) character file.

Game seed: 1490526488011731428

17605 tizbic2 the Cruncher (level 12, -1/92 HPs)
             Began as a Pale Draconian Gladiator on Nov 18, 2021.
             Was a Priest of Makhleb.
             Killed from afar by a molten gargoyle (20 damage)
             ... with a bolt of magma
             ... on level 12 of the Dungeon.
             The game lasted 01:11:41 (10693 turns).

tizbic2 the Cruncher (Pale Draconian Gladiator)    Turns: 10693, Time: 01:11:41

Health: -1/92      AC: 14    Str: 18    XL:     12   Next: 20%
Magic:  20/20      EV: 14    Int: 12    God:    Makhleb [***...]
Gold:   335        SH:  5    Dex: 13    Spells: 10/15 levels left

rFire    . . .     SeeInvis .   a - +9 lajatang (speed)
rCold    + . .     Faith    .   (shield currently unavailable)
rNeg     . . .     Spirit   .   (armour unavailable)
rPois    .         Reflect  +   b - +0 hat
rElec    .         Harm     .   q - +2 cloak
rCorr    .         Rampage  .   i - +2 pair of gloves
Will     .....                  (no boots)
Stlth    +.........             G - amulet of reflection
HPRegen  0.25/turn              V - +4 ring of slaying
MPRegen  0.17/turn              v - ring of protection from cold

@: no status effects
A: breathe steam, AC +8, unfitting armour, cold-blooded, steam resistance
a: Breathe Steam, Renounce Religion, Minor Destruction, Lesser Servant of
Makhleb


You were on level 12 of the Dungeon.
You worshipped Makhleb.
Makhleb was most pleased with you.
You visited 2 branches of the dungeon, and saw 15 of its levels.
You also visited: Ossuary.

You collected 901 gold pieces.
You spent 566 gold pieces at shops.

Inventory:

Hand Weapons
 a - a +9 lajatang of speed (weapon)
 r - a +2 hand crossbow of freezing
 S - a +2 scimitar of flaming
Missiles
 c - 4 throwing nets
 e - 359 stones
 f - 7 curare-tipped darts
 n - 36 poisoned darts
 s - 23 bolts
 H - 6 silver boomerangs
Armour
 b - a +0 hat (worn)
 i - a +2 pair of gloves (worn)
 q - a +2 cloak (worn)
Magical Staves
 k - a staff of earth
Jewellery
 t - a ring of willpower
 v - a ring of protection from cold (right hand)
 x - a +6 ring of intelligence
 F - a ring of magical power
 G - an amulet of reflection (around neck)
 K - a ring of see invisible
 V - a +4 ring of slaying (left hand)
Wands
 d - a wand of iceblast (20)
 m - a wand of polymorph (5)
 E - a wand of paralysis (27)
 O - a wand of acid (8)
Scrolls
 g - 3 scrolls of summoning
 j - 2 scrolls of holy word {unknown}
 o - 7 scrolls of teleportation
 p - 4 scrolls of magic mapping
 y - 3 scrolls of identify
 z - a scroll of silence
 A - 2 scrolls of vulnerability {unknown}
 C - a scroll of immolation {unknown}
 I - a scroll of blinking
 L - 2 scrolls of fear
 P - 2 scrolls of enchant armour
Potions
 h - 8 potions of brilliance
 l - 2 potions of degeneration {unknown}
 u - 4 potions of curing
 w - 2 potions of magic {unknown}
 D - 2 potions of flight {unknown}
 J - a potion of berserk rage {unknown}
 M - a potion of ambrosia {unknown}
 N - a potion of resistance {unknown}
 Q - 2 potions of cancellation {unknown}
 R - a potion of haste {unknown}
 T - 2 potions of heal wounds {unknown}
 U - a potion of invisibility
Miscellaneous
 B - a lightning rod (4/4)


   Skills:
 - Level 4.4 Fighting
 - Level 14.0 Staves
 - Level 1.7 Throwing
 + Level 6.0 Dodging
 - Level 2.1 Spellcasting
 - Level 7.2 Fire Magic
 - Level 0.2 Earth Magic
 * Level 11.2 Invocations
 - Level 0.1 Evocations


You had 10 spell levels left.
You knew the following spells:

 Your Spells              Type           Power      Damage    Failure   Level
a - Foxfire               Conj/Fire      36%        2x1d5     6%          1
b - Conjure Flame         Conj/Fire      9%         6-21      19%         3
c - Shock                 Conj/Air       4%         1d3       26%         1

Your spell library contained the following spells:

 Spells                   Type           Power      Damage    Failure   Level
 Inner Flame              Hex/Fire       9%         N/A       19%         3
 Summon Small Mammal      Summ           4%         N/A       26%         1
 Sublimation of Blood     Necr           0%         N/A       38%         2
 Wereblood                Tmut           1%         N/A       38%         2
 Call Canine Familiar     Summ           1%         N/A       63%         3
 Portal Projectile        Hex/Tloc       2%         N/A       63%         3
 Summon Guardian Golem    Hex/Summ       1%         N/A       63%         3
 Swiftness                Air            1%         N/A       63%         3
 Leda's Liquefaction      Hex/Erth       0%         N/A       94%         4
 Airstrike                Air            0%         N/A       95%         4
 Blade Hands              Tmut           0%         N/A       100%        5
 Excruciating Wounds      Necr           0%         N/A       100%        5
 Summon Hydra             Summ           0%         N/A       100%        7


Dungeon Overview and Level Annotations

Branches:
Dungeon (14/15)            Temple (1/1) D:7         Ossuary (visited)
   Lair: D:8-11         Orc: D:9-12      Vaults: D:13-14

Altars:
Ashenzari
Dithmenos
Elyvilon
Fedhas
Gozag
Makhleb
Nemelex Xobeh
Okawaru
Qazlal
Ru
Sif Muna
Trog
Vehumet
Wu Jian
Zin
The Shining One
Beogh

Shops:
D:4 ((*(:   D:7 ![(:   D:8 (


Innate Abilities, Weirdness & Mutations

You can breathe blasts of scalding, opaque steam.
Your pale cyan-grey scales are hard. (AC +8)
You cannot fit into any form of body armour.
You are cold-blooded and may be slowed by cold attacks.
You are immune to the effects of steam.


Message History

You exhale a blast of scalding steam.
The ball of steam hits the troll.
The troll is lightly wounded.
The troll shouts!
The troll is engulfed in a cloud of scalding steam.
The troll is engulfed in a cloud of scalding steam.
The troll is engulfed in a cloud of scalding steam.
The troll bites you but does no damage. You block the troll's attack. x2
You slash the troll!
The troll is severely wounded.
You slash the troll!
The troll is almost dead.
You slash the troll!
You kill the troll!
Makhleb accepts your kill.
You have got your breath back.
Things that are here:
a +0 shortbow; 9 arrows; a centaur skeleton
Things that are here:
a +0 giant club; a +0 giant spiked club; a two-headed ogre skeleton You see here a +0 mace.
You see here a +0 mace.
You see here a troll skeleton.
Press: ? - help, Shift-Dir - straight line, f - molten gargoyle
Aim: a molten gargoyle, wielding a +0 morningstar (black smoke, lava)
You exhale a blast of scalding steam.
The molten gargoyle blasts magma at you!
The bolt of magma hits you!!
You can't do that yet.
You have got your breath back.
The molten gargoyle hits you with a +0 morningstar!!
You are engulfed in flames!
Okay, then.
You see here a troll skeleton.
The molten gargoyle blasts magma at you!
The bolt of magma hits you!
* * * LOW HITPOINT WARNING * * *
You see here a +0 mace.
The molten gargoyle blasts magma at you!
The bolt of magma hits you!!
You die...

##'#.#### ......#.§§≈≈≈≈≈§
#.......####.#......#§≈≈88≈§§
#.......'....#.....#.≈≈§88≈§§
#...[.).######......#)≈≈≈≈≈§≈
#....>..############..§≈§§§≈O
#.......##.......#..#...Q.≈.§
###.#######.......#÷#.#^#.#§#.
#.........).......)).#.#.#T#.#
#........##..@..9.############
#........########## #........#
#####....# ###....###
#........## #.........#
#.........# ######....######


You could see a molten gargoyle.

Vanquished Creatures
  Snorg (D:11)
  A hydra (D:14)
  6 two-headed ogres
  Pikel (D:8)
  An ugly thing (D:11)
  A manticore (D:9)
  4 centaur zombies
  3 molten gargoyles (D:12)
  Maggie (D:9)
  A kobold demonologist (D:11)
  A komodo dragon (D:11)
  4 trolls
  Prince Ribbit (D:7)
  Sigmund (D:3)
  2 wraiths
  14 yaks
  2 water moccasins
  5 orc warriors
  2 ice beasts
  An ogre (D:5)
  3 necrophages
  3 centaurs
  3 bullfrogs
  2 kobold brigands
  A gnoll sergeant (D:7)
  7 scorpions
  A water moccasin zombie (D:6)
  2 howler monkeys
  2 centaur skeletons
  7 orc priests
  3 hounds
  5 bullfrog skeletons
  Jessica (D:3)
  A gnoll shaman (D:4)
  4 iguanas
  Ijyb (D:3)
  Natasha (D:3)
  6 orc wizards
  A howler monkey zombie (D:8)
  4 mummies (Ossuary)
  9 gnolls
  3 adders
  A white imp (D:6)
  An adder zombie (Ossuary)
  2 worms
  A dart slug (D:4)
  43 orcs
  4 ball pythons
  4 endoplasms
  11 giant cockroaches
  6 goblins
  5 hobgoblins
  21 kobolds
  2 quokkas
  A bat (D:1)
  5 frilled lizards
  3 gnoll zombies (Ossuary)
  A goblin zombie (Ossuary)
  3 hobgoblin zombies (Ossuary)
  A jackal zombie (Ossuary)
  A kobold zombie (Ossuary)
  An orc zombie (Ossuary)
  7 rats
  A rat zombie (Ossuary)
  3 butterflies (D:11)
  A fire vortex (D:12)
  A foxfire (D:4)
253 creatures vanquished.

Vanquished Creatures (collateral kills)
  A hydra (D:11)
  Sonja (D:10)
  A shadow (D:11)
3 creatures vanquished.

Vanquished Creatures (others)
  A fire elemental (D:12)
  55 foxfires
  7 fungi (D:1)
  15 plants (D:1)
78 creatures vanquished.

Grand Total: 334 creatures vanquished

Notes
Turn   | Place    | Note
-------+----------+-------------------------------------------
     0 | D:1      | tizbic2 the Draconian Gladiator began the quest for the
                  | Orb.
     0 | D:1      | Reached XP level 1. HP: 17/17 MP: 1/1
   178 | D:1      | Reached XP level 2. HP: 25/25 MP: 2/2
   200 | D:1      | Found a faded altar of an unknown god.
   916 | D:2      | Reached skill level 1 in Spellcasting
   916 | D:2      | Reached XP level 3. HP: 30/30 MP: 4/4
  1353 | D:2      | Identified a scroll of acquirement
  1353 | D:2      | Acquired a +4 lajatang of speed
  1749 | D:3      | Reached XP level 4. HP: 9/38 MP: 4/6
  1788 | D:3      | Reached skill level 4 in Staves
  2122 | D:3      | Noticed Sigmund
  2490 | D:3      | Killed Sigmund
  2491 | D:3      | Reached XP level 5. HP: 27/46 MP: 6/8
  2491 | D:3      | Reached XP level 6. HP: 30/52 MP: 6/9
  2659 | D:3      | Noticed Jessica
  2665 | D:3      | Killed Jessica
  3102 | D:4      | Found Ulykew's Book Shop.
  3135 | D:4      | Reached skill level 5 in Staves
  3168 | D:4      | Found Taedghecs's Antique Weapon Shoppe.
  3171 | D:4      | Bought a runed hand crossbow for 221 gold pieces
  3285 | D:3      | Found a glowing golden altar of the Shining One.
  3365 | D:3      | Noticed Natasha
  3374 | D:3      | Killed Natasha
  3490 | D:3      | Noticed Ijyb
  3514 | D:3      | Killed Ijyb
  3703 | D:4      | Found Enemm's Assorted Antiques.
  3733 | D:4      | Found Qexziock's Weapon Emporium.
  3799 | D:4      | Reached skill level 6 in Staves
  3845 | D:4      | Bought a large glass ring for 75 gold pieces
  3874 | D:4      | Found Lokagg's Antique Weapon Emporium.
  3914 | D:4      | Your scales start taking on a pale cyan-grey colour.
  3914 | D:4      | Reached XP level 7. HP: 56/60 MP: 10/10
  3914 | D:4      | Gained mutation: You are immune to the effects of steam.
                  | [Pale Draconian growth]
  4082 | D:4      | Learned a level 1 spell: Foxfire
  4319 | D:4      | Reached skill level 7 in Staves
  4442 | D:4      | Bought a scroll labelled NUKHOD UTEISUOTOE for 15 gold
                  | pieces
  4442 | D:4      | Bought a scroll labelled MEFFUU ICREAPS for 15 gold pieces
  4475 | D:5      | Entered Level 5 of the Dungeon
  4525 | D:5      | Noticed a yak
  4677 | D:5      | Reached skill level 8 in Staves
  4917 | D:5      | Reached XP level 8. HP: 64/67 MP: 11/11
  4921 | D:5      | Reached skill level 1 in Fire Magic
  4987 | D:5      | Reached skill level 9 in Staves
  5450 | D:6      | Reached skill level 10 in Staves
  5462 | D:6      | Reached XP level 9. HP: 59/72 MP: 10/12
  5468 | D:6      | Reached skill level 5 in Fire Magic
  5501 | D:6      | Found an iron altar of Okawaru.
  5734 | D:6      | Learned a level 3 spell: Conjure Flame
  5988 | D:7      | Found a staircase to the Ecumenical Temple.
  6003 | Temple   | Entered the Ecumenical Temple
  6009 | Temple   | Became a worshipper of Makhleb the Destroyer
  6100 | D:7      | Reached skill level 11 in Staves
  6143 | D:7      | Found a shimmering blue altar of Sif Muna.
  6145 | D:7      | Found a white marble altar of Elyvilon.
  6149 | D:7      | Found a radiant altar of Vehumet.
  6150 | D:7      | Found a glowing silver altar of Zin.
  6290 | D:7      | Found Toso's Antique Weapon Emporium.
  6291 | D:7      | Found Giw Joxzyrph's Book Emporium.
  6298 | D:7      | Found Izic's Distillery.
  6298 | D:7      | Found Leiwesho's Armour Emporium.
  6570 | D:7      | Noticed Prince Ribbit
  6587 | D:7      | Killed Prince Ribbit
  6760 | D:8      | Found Ytae's Weapon Shop.
  6786 | D:8      | Reached skill level 12 in Staves
  6786 | D:8      | Reached XP level 10. HP: 80/80 MP: 11/13
  6876 | D:8      | Noticed Pikel
  6895 | D:8      | Killed Pikel
  6896 | D:8      | Reached skill level 1 in Invocations
  6989 | D:8      | Reached * piety under Makhleb
  7258 | D:8      | Found a sand-covered staircase.
  7263 | Ossuary  | Entered an ossuary
  7509 | D:8      | Found a stormy altar of Qazlal.
  7546 | D:8      | Reached ** piety under Makhleb
  7909 | D:4      | Bought a book of Callings for 240 gold pieces
  7992 | D:8      | Noticed a lindwurm
  8071 | D:9      | Noticed Maggie
  8083 | D:9      | Killed Maggie
  8165 | D:9      | Noticed a two-headed ogre
  8174 | D:9      | Killed a two-headed ogre
  8175 | D:9      | Reached skill level 13 in Staves
  8234 | D:9      | Reached skill level 5 in Invocations
  8314 | D:9      | Noticed a manticore
  8323 | D:9      | Killed a manticore
  8379 | D:9      | Noticed a two-headed ogre
  8388 | D:9      | Killed a two-headed ogre
  8389 | D:9      | Reached XP level 11. HP: 41/85 MP: 15/15
  8586 | D:9      | Reached *** piety under Makhleb
  8990 | D:10     | Entered Level 10 of the Dungeon
  9075 | D:10     | Noticed a two-headed ogre
  9083 | D:10     | Killed a two-headed ogre
  9160 | D:10     | Found a sacrificial altar of Ru.
  9331 | D:10     | Noticed Sonja
  9337 | D:10     | Killed Sonja
  9527 | D:10     | Reached skill level 14 in Staves
  9559 | D:10     | Learned a level 1 spell: Shock
  9857 | D:11     | Found a runed translucent door.
  9860 | D:11     | Found a runed translucent door.
  9967 | D:11     | Noticed a six-headed hydra
  9980 | D:11     | Killed a ten-headed hydra
  9983 | D:11     | Noticed a red ugly thing
  9994 | D:11     | Killed a red ugly thing
 10017 | D:11     | Noticed a two-headed ogre
 10026 | D:11     | Killed a two-headed ogre
 10050 | D:11     | Noticed Snorg
 10062 | D:11     | Killed Snorg
 10063 | D:11     | Reached skill level 5 in Dodging
 10063 | D:11     | Reached skill level 10 in Invocations
 10125 | D:11     | You fall into a shaft and drop 3 floors!
 10125 | D:14     | Noticed a five-headed hydra
 10134 | D:14     | Killed an 11-headed hydra
 10327 | D:12     | Noticed a two-headed ogre
 10336 | D:12     | Killed a two-headed ogre
 10337 | D:12     | Reached XP level 12. HP: 92/92 MP: 19/19
 10385 | D:12     | Noticed a two-headed ogre
 10395 | D:12     | Killed a two-headed ogre
 10444 | D:12     | Noticed a two-headed ogre
 10693 | D:12     | Killed from afar by a molten gargoyle

Illustrated notes

Levels and vault maps discovered:
D:1:      dpeg_arrival_windows_large_door, layout_basic,
          dreamdust_ecumenical_altar_grove
D:2:      layout_loops_corners, uniq_crazy_yiuf_cottage
D:3:      layout_basic, marbit_many_paths, uniq_sigmund, uniq_ijyb,
          uniq_jessica, uniq_natasha
D:4:      layout_rooms, serial_shops, shop, nicolae_take_the_stairs,
          kennysheep_little_box, nicolae_shop_behind_doors,
          kennysheep_mini_moat, kennysheep_generic_room_15
D:5:      layout_basic
D:6:      layout_rooms, okawaru_metal_pillars_3
D:7:      layout_gridville, minitemple, minmay_temple_entry_mini_moons,
          minmay_shop_grid_forest, uniq_prince_ribbit1
D:8:      layout_cave_pods, nicolae_qazlal_general_emergency, serial_shops,
          shop, enter_ossuary_2, minmay_lindwurm_lava, uniq_pikel
D:9:      layout_roguey [special_room_orc], uniq_maggie
D:10:     layout_roguey, nicolae_ru_the_path_less_chosen, uniq_sonja
D:11:     lemuel_insect_pit, layout_basic, lair_entry_dummy, uniq_snorg
D:12:     layout_basic, orc_0_dummy, serial_shops, nicolae_shop_crystal,
          minivault_8
D:13:     layout_roguey
D:14:     layout_small_grid, david_vaults_4, grunt_ministairs_11, minivault_26
Temple:   eino_narrow_crystal_temple

Skill      XL: |  1  2  3  4  5  6  7  8  9 10 11 12 |
---------------+-------------------------------------+-----
Spellcasting   | 1 2 |  2.1
Fighting       | 3 4 |  4.4
Dodging        | 3 5 6 |  6.0
Staves         | 4 6 8 10 12 13 14 | 14.0
Fire Magic     | 4 6 7 |  7.2
Invocations    | 6 10 11 | 11.2
Throwing       | |  1.7
Earth Magic    | |  0.2
Evocations     | |  0.1

Action                   |  1- 3 |  4- 6 |  7- 9 | 10-12 || total
-------------------------+-------+-------+-------+-------++-------
Melee: Quarterstaff      |    59 |       |       |       ||    59
       Tailslap          |    16 |     7 |    16 |    33 ||    72
       Staff             |    55 |       |       |       ||    55
       Lajatang          |    11 |    72 |   128 |   207 ||   418
       Unarmed           |       |    17 |       |       ||    17
 Fire: Hand crossbow     |       |     3 |       |       ||     3
Throw: Stone             |    17 |    10 |     4 |       ||    31
       Throwing net      |     1 |       |       |       ||     1
       Dart              |       |       |     4 |     5 ||     9
       Boomerang         |       |       |       |     6 ||     6
 Cast: Foxfire           |       |       |    19 |    13 ||    32
       Conjure Flame     |       |       |     2 |     4 ||     6
       Shock             |       |       |       |     1 ||     1
Invok: Minor Destruction |       |       |       |    18 ||    18
       Lesser Servant of |       |       |       |     2 ||     2
 Abil: Breathe Steam     |       |       |    31 |    43 ||    74
  Use: Scroll            |     2 |     2 |     5 |    11 ||    20
       Potion            |     1 |     3 |       |       ||     4
 Stab: Sleeping          |     1 |       |     1 |     1 ||     3
       Held in net/web   |     1 |       |       |       ||     1
Armor: Skin              |    35 |    18 |    19 |    62 ||   134
Dodge: Dodged            |    56 |    40 |    43 |    86 ||   225
Block: Other             |       |       |    11 |    34 ||    45
       Reflection        |       |       |     1 |     3 ||     4
